 Dungeon Crawl Stone Soup version 0.29.1-12-g30fa7ad0bf (webtiles) character file.

Game seed: 443240835590595661

630 GeoRichter the Insei (level 7, 0/48 HPs)
             Began as a Demonspawn Transmuter on Dec 24, 2022.
             Slain by an ufetubus (3 damage)
             ... on level 4 of the Dungeon.
             The game lasted 00:08:07 (4400 turns).

GeoRichter the Insei (Demonspawn Transmuter)        Turns: 4400, Time: 00:08:08

Health: 0/48       AC: -5    Str: 12    XL:     7   Next: 24%
Magic:  11/11      EV: 11    Int: 14    God:
Gold:   206        SH:  3    Dex: 14    Spells: 2/12 levels left

rFire   . . .      SeeInvis .     - Unarmed
rCold   . . .      Faith    .   r - +0 buckler
rNeg    . . .      Spirit   .   a - +0 robe
rPois   .          Reflect  .   (helmet unavailable)
rElec   .          Harm     .   (no cloak)
rCorr   .          Rampage  .   (no gloves)
Will    .....                   u - +0 pair of boots
Stlth   +.........              (no amulet)
HPRegen 0.16/turn               h - ring of wizardry
MPRegen 0.12/turn               (no ring)

@: brilliant, wereblooded, corroded
A: horns 3, foul stench 1, powered by pain 1
a: no special abilities


You were on level 4 of the Dungeon.
You visited 1 branch of the dungeon, and saw 5 of its levels.

You collected 206 gold pieces.

Inventory:

Missiles
 w - a throwing net {!f}
Armour
 a - a +0 robe (worn)
 d - a +0 ring mail
   (You found it on level 1 of the Dungeon)
 j - a +0 helmet
   (You found it on level 1 of the Dungeon)
 r - a +0 buckler (worn)
   (You found it on level 3 of the Dungeon)
 u - a +0 pair of boots (worn)
   (You found it on level 4 of the Dungeon)
Jewellery
 h - a ring of wizardry (left hand)
   (You found it on level 1 of the Dungeon)
 l - a +6 ring of dexterity
   (You found it on level 1 of the Dungeon)
Wands
 p - a wand of roots (8) (quivered)
   (You found it on level 3 of the Dungeon)
Scrolls
 k - 2 scrolls of identify {unknown}
 m - a scroll of vulnerability {unknown}
 s - a scroll of acquirement {unknown}
 t - a scroll of blinking {unknown}
Potions
 b - 2 potions of lignification {!q}
 c - 2 potions of attraction {unknown}
 e - 3 potions of heal wounds {unknown}
 f - 2 potions of might {unknown}
 g - a potion of magic {unknown}
 i - 3 potions of cancellation {unknown}
 n - 4 potions of brilliance
 o - 2 potions of berserk rage {unknown}
 q - a potion of mutation {unknown}
 v - a potion of ambrosia {unknown}


   Skills:
 - Level 1.0 Fighting
 - Level 1.7 Dodging
 - Level 6.2 Unarmed Combat
 + Level 3.1 Spellcasting
 * Level 4.0 Transmutations
 * Level 0.3 Ice Magic


You had 2 spell levels left.
You knew the following spells:

 Your Spells              Type           Power      Damage    Failure   Level
a - Beastly Appendage     Tmut           40%        N/A       2%          1
b - Wereblood             Tmut           20%        N/A       3%          2
c - Frozen Ramparts       Ice            8%         1d2       28%         3
d - Ice Form              Ice/Tmut       12%        N/A       41%         4

Your spell library contained the following spells:

 Spells                   Type           Power      Damage    Failure   Level
 Spider Form              Tmut/Pois      11%        N/A       16%         3
 Confusing Touch          Hex            3%         N/A       32%         3
 Summon Ice Beast         Ice/Summ       4%         N/A       69%         4
 Yara's Violent Unravell  Hex/Tmut       5%         3d4       77%         5
 Enfeeble                 Hex            1%         N/A       100%        7


Dungeon Overview and Level Annotations

Branches:
Dungeon (5/15) Zot: 25617
 Temple: D:4-7

Altars:
Fedhas
Trog
Uskayaw
Vehumet
Wu Jian
Yredelemnul


Innate Abilities, Weirdness & Mutations

You have a pair of large horns on your head.
You may rarely emit foul miasma when damaged in melee.
You sometimes gain a little power by taking damage.


Message History

The orc barely misses you.
You punch the orc!
You kill the orc!
The orc hits you with a +0 dagger.
A jelly comes into view.
The jelly quivers.
You punch the iguana! You headbutt the iguana!
You feel a bit better.
You kill the iguana!
The orc hits you with a +0 dagger.
Your Transmutations skill increases to level 4!
You barely miss the orc. You block the orc's attack. x2
You closely miss the orc. Your headbutt misses the orc. The orc misses you.
The orc hits you with a +0 dagger.
You hit the orc. You headbutt the orc.
You feel a bit better.
You kill the orc!
The orc hits you with a +0 dagger.
You closely miss the orc. Your headbutt misses the orc.
You hear a shout!
The orc hits you with a +0 dagger.
You closely miss the orc. You headbutt the orc. The orc closely misses you.
You closely miss the orc.
An ufetubus comes into view.
The jelly hits you but does no damage. The orc hits you but does no damage.
You completely miss the orc. Your headbutt misses the orc.
You howl as the wereblood boils in your veins!
The orc hits you but does no damage. The jelly hits you. The acid corrodes you!
You are splashed with acid!
The jelly hits you. The acid corrodes you!
You are splashed with acid!
* * * LOW HITPOINT WARNING * * *
There is a stone staircase leading up here.
You howl as the wereblood boils in your veins!
You block the ufetubus's attack. The ufetubus hits you.
* * * LOW HITPOINT WARNING * * *
The jelly barely misses you. The orc hits you with a +0 dagger.
* * * LOW HITPOINT WARNING * * *
You climb upwards.
You howl as the wereblood boils in your veins!
There is a stone staircase leading down here.
You hit the orc. The ufetubus hits you.
* * * LOW HITPOINT WARNING * * *
The ufetubus barely misses you.
You hit the orc but do no damage. The ufetubus barely misses you.
You block the ufetubus's attack. The jelly barely misses you.
The orc barely misses you. The ufetubus hits you.
* * * LOW HITPOINT WARNING * * *
You emit a cloud of foul miasma!
The ufetubus closely misses you.
It was a potion of brilliance.
You feel clever all of a sudden. The orc closely misses you.
The jelly misses you. The ufetubus hits you.
You die...

##.............#
#..............##
#.#.............#
#.##...........##
##.###..........# #..#
#..........# #..#
##.........# #..#
##....##### #.## ##.@J.##
##..###.o.5## #..###....##
#..##.....#######
###...............##
####..................##
###....###...............#
....#### ###.............#
..### ##..............#


You could see a jelly, an orc and an ufetubus.

Vanquished Creatures
  Sigmund (D:3)
  Duvessa (D:4)
  Blork the orc (D:4)
  Dowan (D:4)
  A hound (D:4)
  Jessica (D:3)
  An iguana (D:5)
  Terence (D:3)
  Robin (D:2)
  3 gnolls (D:4)
  4 adders
  A worm (D:4)
  A dart slug (D:2)
  4 orcs (D:5)
  A bat (D:1)
  8 endoplasms
  A giant cockroach (D:1)
  7 hobgoblins
  3 jackals (D:2)
  3 kobolds (D:4)
  4 quokkas
  6 ball pythons
  3 frilled lizards
  9 goblins (D:2)
  7 rats
74 creatures vanquished.

Vanquished Creatures (others)
  A fungus (D:1)
  A plant (D:1)
2 creatures vanquished.

Grand Total: 76 creatures vanquished

Notes
Turn   | Place    | Note
-------+----------+-------------------------------------------
     0 | D:1      | GeoRichter the Demonspawn Transmuter began the quest for
                  | the Orb.
     0 | D:1      | Reached XP level 1. HP: 15/15 MP: 3/3
   353 | D:1      | Reached skill level 3 in Unarmed Combat
   419 | D:1      | Found a faded altar of an unknown god.
   425 | D:1      | Gained mutation: You sometimes gain a little power by
                  | taking damage. [demonic ancestry]
   425 | D:1      | Reached XP level 2. HP: 17/21 MP: 5/5
   936 | D:1      | Learned a level 2 spell: Wereblood
  1182 | D:2      | Noticed Robin
  1199 | D:2      | Gained mutation: You may rarely emit foul miasma when
                  | damaged in melee. [demonic ancestry]
  1199 | D:2      | Reached XP level 3. HP: 25/26 MP: 6/6
  1221 | D:2      | Killed Robin
  1222 | D:2      | Reached skill level 4 in Unarmed Combat
  2119 | D:3      | Noticed Jessica
  2236 | D:3      | Killed Jessica
  2237 | D:3      | Reached XP level 4. HP: 27/32 MP: 3/7
  2374 | D:3      | Found a radiant altar of Vehumet.
  2478 | D:3      | Found an ornate altar of the Wu Jian Council.
  2478 | D:3      | Noticed Sigmund
  2487 | D:3      | Killed Sigmund
  2488 | D:3      | Reached skill level 6 in Unarmed Combat
  2488 | D:3      | Gained mutation: You have a pair of small horns on your
                  | head. [demonic ancestry]
  2488 | D:3      | Reached XP level 5. HP: 37/37 MP: 8/8
  2648 | D:3      | Found a blossoming altar of Fedhas.
  2847 | D:3      | Found a hide-covered altar of Uskayaw.
  2847 | D:3      | Noticed Terence
  2855 | D:3      | Killed Terence
  2856 | D:3      | Gained mutation: You have a pair of horns on your head.
                  | [demonic ancestry]
  2856 | D:3      | Reached XP level 6. HP: 33/43 MP: 6/9
  3025 | D:4      | Found a bloodstained altar of Trog.
  3169 | D:4      | Noticed Dowan
  3170 | D:4      | Noticed Duvessa
  3180 | D:4      | Killed Duvessa
  3185 | D:4      | Killed Dowan
  3574 | D:4      | Noticed Blork the orc
  3603 | D:3      | Gained mutation: You have a pair of large horns on your
                  | head. [demonic ancestry]
  3603 | D:3      | Reached XP level 7. HP: 40/48 MP: 11/11
  3662 | D:4      | HP: 3/72 [Blork the orc/+2 glaive of protection (2)]
  3664 | D:4      | Killed Blork the orc
  4081 | D:4      | Found a basalt altar of Yredelemnul.
  4348 | D:4      | Learned a level 3 spell: Frozen Ramparts
  4353 | D:4      | Learned a level 4 spell: Ice Form
  4378 | D:5      | Entered Level 5 of the Dungeon
  4400 | D:4      | Slain by an ufetubus

Illustrated notes

Levels and vault maps discovered:
D:1:      lemuel_arrival_hallway, layout_loops_ring,
          shapermc_ecumenical_altar_mp_urbaneastern
D:2:      layout_loops_ring, nicolae_eternal_life, uniq_robin
D:3:      layout_loops_cross, lemuel_crystal_altar,
          mainiacjoe_overflow_alcove_4, mainiacjoe_overflow_paths,
          nicolae_vehumet_altar_sigil, serial_rivers,
          chequers_serial_rivers_micro_d, chequers_serial_rivers_micro_d,
          chequers_serial_rivers_micro_d, chequers_serial_rivers_micro_e,
          uniq_jessica, uniq_terence, uniq_sigmund
D:4:      layout_cave_pods, mainiacjoe_overflow_alcove_1,
          mainiacjoe_overflow_boulevard, uniq_duvessa, uniq_blork_the_orc
D:5:      layout_loops_ring, water_maze_lemuel

Skill      XL: |  1  2  3  4  5  6  7 |
---------------+----------------------+-----
Unarmed Combat | 3 4 6 |  6.2
Transmutations | 3 4 |  4.0
Spellcasting   | 3 |  3.1
Fighting       | |  1.0
Dodging        | |  1.7
Ice Magic      | |  0.3

Action                   |  1- 3 |  4- 6 |  7- 9 || total
-------------------------+-------+-------+-------++-------
Melee: Unarmed           |   179 |    65 |    39 ||   283
       Punch             |     3 |     1 |       ||     4
       Headbutt          |       |     9 |     7 ||    16
       Kick              |       |     1 |       ||     1
 Cast: Beastly Appendage |     2 |     1 |       ||     3
       Wereblood         |     1 |     1 |     1 ||     3
Evoke: Wand              |       |     1 |     1 ||     2
  Use: Potion            |       |     2 |     2 ||     4
Armor: Ring mail         |    60 |    21 |     1 ||    82
       Robe              |     4 |       |     4 ||     8
       Skin              |       |     5 |     2 ||     7
Dodge: Dodged            |    94 |    31 |    19 ||   144
Block: Buckler           |       |     7 |     6 ||    13
